AoeStats
← Malelf

Arena

509148361Analyzed
1v1 RM · 6d ago on Sep 25, 2026· 57m 39s· 2 players
Game mode
Random Map
Map size
Tiny (2 player)
Population
200
Speed
Normal
Resources
Standard
Victory
Conquest
Starting age
Dark Age
Ending age
Imperial Age
RankedLock teamsTeams togetherTeam positionsShared explorationLock speedFull tech treeHidden civsTurbo modeCheats
Victory
Defeat
🇨🇭 Britons · Switzerland
1628
+18
🇮🇹 Bulgarians · Italy
1669
-18
th3g3ntl3man
11:17 Feudal Age
12:00 Double-Bit Axe
11:56 Horse Collar
14:50 Castle Age
15:48 Bow Saw
16:20 Stone Mining
17:15 Loom
18:50 Fletching
20:49 Fletching
23:28 Bodkin Arrow
26:50 Wheelbarrow
28:26 Hand Cart
27:57 Town Watch
28:21 Gold Mining
32:17 Imperial Age
30:12 Padded Archer Armor
30:34 Ballistics
30:20 Man-at-Arms
30:45 Gambesons
31:01 Squires
31:38 Leather Archer Armor
32:29 Masonry
32:20 Scale Mail Armor
32:31 Forging
31:42 Long Swordsman
33:12 Bracer
32:50 Light Cavalry
35:02 Iron Casting
35:07 Husbandry
35:46 Scale Barding Armor
36:08 Sappers
37:03 Conscription
37:19 Hoardings
37:17 Chain Barding Armor
36:41 Pikeman
38:44 Chemistry
38:30 Chain Mail Armor
39:15 Blast Furnace
39:02 Plate Barding Armor
39:10 Architecture
39:45 Plate Mail Armor
39:46 Ring Archer Armor
39:42 Siege Engineers
39:11 Halberdier
39:38 Arson
39:17 Two-Handed Swordsman
40:19 Warwolf
40:17 Champion
43:58 Architecture
48:16 Yeomen
48:50 Treadmill Crane
51:30 Town Patrol
53:13 Elite Longbowman
Malelf
11:14 Feudal Age
10:44 Loom
12:10 Double-Bit Axe
14:52 Castle Age
13:29 Gold Mining
15:36 Horse Collar
19:39 Redemption
30:04 Imperial Age
28:25 Wheelbarrow
29:39 Bow Saw
29:24 Stone Mining
30:37 Heavy Plow
30:14 Onager
33:58 Siege Engineers
34:34 Scale Barding Armor
34:40 Forging
35:32 Chain Barding Armor
34:45 Light Cavalry
36:36 Bloodlines
37:21 Plate Barding Armor
37:34 Husbandry
37:25 Town Watch
38:37 Iron Casting
38:46 Hand Cart
38:29 Siege Onager
40:19 Blast Furnace
39:40 Masonry
40:27 Stone Shaft Mining
39:49 Fletching
40:31 Bodkin Arrow
41:52 Chemistry
40:53 Hussar
43:28 Conscription
43:53 Architecture
44:54 Heavy Scorpion
46:31 Ballistics
49:01 Capped Ram
50:01 Bracer
50:32 Siege Ram
Connection lost

Rejoining the realm…

Still unreachable

The connection could not be restored.

Session expired

The server has moved on; the page needs a fresh start.